 Dungeon Crawl Stone Soup version 0.20-a0-1040-gfd09691 (webtiles) character file.

995 Fenrisulfr the Cudgeler (level 7, -27/62 HPs)
             Began as a Red Draconian Monk on Apr 23, 2017.
             Was an Initiate of the Shining One.
             Annihilated by a shadow (28 damage)
             ... created by the darkness of Dithmenos
             ... on level 4 of the Dungeon.
             The game lasted 00:17:15 (5057 turns).

Fenrisulfr the Cudgeler (Red Draconian Monk)        Turns: 5057, Time: 00:17:16

Health: -27/62     AC:  7    Str: 20    XL:     7   Next: 99%
Magic:  8/8        EV: 15    Int: 10    God:    the Shining One [......]
Gold:   234        SH:  0    Dex: 14    Spells: 6/6 levels left

rFire    + . .     SeeInvis .   g - +2 whip (flame)
rCold    + . .     Gourm    .   (no shield)
rNeg     . . .     Faith    .   (armour unavailable)
rPois    .         Spirit   .   (helmet restricted)
rElec    .         Reflect  .   t - +0 cloak
rCorr    .         Harm     .   (no gloves)
MR       .....                  (no boots)
Stlth    +.........             (no amulet)
Regen    0.2/turn               m - ring of protection from cold
MPRegen  0.2/turn               (no ring)

@: mighty, glowing
A: breathe fire, unfitting armour, fire resistance 1, cold-blooded, AC +6
a: Breathe Fire, Renounce Religion


You were on level 4 of the Dungeon.
You worshipped the Shining One.
The Shining One was noncommittal.
You were very hungry.

You visited 1 branch of the dungeon, and saw 4 of its levels.

You collected 234 gold pieces.

Inventory:

Hand Weapons
 d - a +0 mace
 g - a +2 whip of flaming (weapon)
Armour
 t - a +0 cloak (worn)
Jewellery
 m - a ring of protection from cold (left hand)
Wands
 l - a wand of disintegration (6/24)
 r - a wand of acid (3/15)
 v - a wand of acid (8/15)
Scrolls
 b - 5 scrolls of identify
 c - a scroll of amnesia {unknown}
 f - a scroll of fear {unknown}
 i - a scroll of magic mapping {unknown}
 k - a scroll of remove curse {unknown}
 o - a scroll of blinking {unknown}
 u - 2 scrolls of enchant weapon {unknown}
 w - a scroll of recharging {unknown}
Potions
 e - a potion of brilliance
Comestibles
 a - 4 bread rations
 h - 3 meat rations


   Skills:
 + Level 5.7 Fighting
 + Level 6.0 Maces & Flails
 + Level 5.0 Dodging
 * Level 5.1 Stealth
 - Level 0.8 Unarmed Combat
 * Level 2.1 Invocations
 - Level 0.2 Evocations


You had 6 spell levels left.
You didn't know any spells.

Dungeon Overview and Level Annotations

Branches:
Dungeon (4/15)
 Temple: D:4-7

Altars:
Cheibriados
Dithmenos
Kikubaaqudgha
Qazlal
Trog
The Shining One


Innate Abilities, Weirdness & Mutations

You can breathe blasts of fire.
Your fiery red scales are hard. (AC +6)
You cannot fit into any form of body armour.
Your flesh is heat resistant. (rF+)
You are cold-blooded and may be slowed by cold attacks.


Message History

* * * LOW HITPOINT WARNING * * *
The shadow closely misses you.
You whack the shadow demon! You burn the shadow demon.
The shadow demon is moderately wounded.
The freed slave hits the shadow demon.
The shadow hits you. The shadow demon completely misses you.
You whack the shadow demon! You burn the shadow demon.
The shadow demon is severely wounded.
The shadow slips into darkness.
The shadow flickers and vanishes!
Deactivating autopickup; reactivate with Ctrl-A.
The shadow demon misses you.
The shadow slips into darkness.
The shadow flickers and vanishes!
You closely miss the shadow demon.
The shadow demon is severely wounded.
The shadow demon hits you!
* * * LOW HITPOINT WARNING * * *
The shadow strikes at you from the darkness!
You die...

#p# #......... #K#
#..###..##.
#.##.p. #.....
#.##..p #..#..
####.##.p. ......
#....##..# ###.#..
#.#####.K#####.#..
#2# #.p.........
#@# .p....... #{#
#... #{# ##.. #.#
#.. #.# #.# #.#
.<.# #)# .#### #.#
( # #.# .


You could see a shadow demon.

Vanquished Creatures
  Pikel (D:4)
  Grinder (D:4)
  A scorpion (D:4)
  An orc priest (D:4)
  An orc wizard (D:4)
  A worker ant (D:4)
  7 adders
  A shadow imp (D:4)
  An ooze (D:3)
  2 worms
  3 dart slugs
  3 leopard geckos
  5 orcs
  10 bats
  2 giant cockroaches
  11 goblins
  9 hobgoblins
  6 jackals
  A quokka (D:3)
  A ball python (D:3)
  3 frilled lizards
  7 kobolds
  8 rats
86 creatures vanquished.

Vanquished Creatures (others)
  An orc wizard (D:4)
  An orc (D:4)
2 creatures vanquished.

Grand Total: 88 creatures vanquished

Notes
Turn   | Place    | Note
-------+----------+-------------------------------------------
     0 | D:1      | Fenrisulfr the Draconian Monk began the quest for the Orb.
     0 | D:1      | Reached XP level 1. HP: 22/22 MP: 1/1
   169 | D:1      | Reached XP level 2. HP: 17/28 MP: 2/2
   740 | D:1      | Upgraded the game from 0.20-a0-1039-gf554463 to 0.20-a0-1040-gfd09691
  1668 | D:2      | Found an ancient bone altar of Kikubaaqudgha.
  1672 | D:2      | Found a stormy altar of Qazlal.
  1739 | D:2      | Reached XP level 3. HP: 32/34 MP: 3/3
  1925 | D:2      | Found a shadowy altar of Dithmenos.
  1975 | D:2      | Reached skill level 1 in Maces & Flails
  2002 | D:2      | Became a worshipper of Dithmenos the Shadowed
  2002 | D:2      | Reached * piety under Dithmenos
  2002 | D:2      | Reached ** piety under Dithmenos
  2331 | D:2      | Found a snail-covered altar of Cheibriados.
  2473 | D:2      | Reached XP level 4. HP: 41/41 MP: 4/4
  2687 | D:3      | Found a bloodstained altar of Trog.
  3091 | D:3      | Reached *** piety under Dithmenos
  3091 | D:3      | Reached skill level 5 in Fighting
  3091 | D:3      | Reached skill level 2 in Maces & Flails
  3164 | D:3      | Reached XP level 5. HP: 48/48 MP: 5/5
  3328 | D:4      | Reached skill level 3 in Maces & Flails
  3550 | D:4      | Noticed Grinder
  3563 | D:4      | Paralysed by Grinder for 4 turns
  3582 | D:4      | Killed Grinder
  3582 | D:4      | Reached skill level 4 in Maces & Flails
  3582 | D:4      | Reached XP level 6. HP: 33/56 MP: 6/6
  3742 | D:4      | Noticed a slave
  3743 | D:4      | Noticed a slave
  3789 | D:4      | Reached skill level 5 in Maces & Flails
  3814 | D:4      | HP: 2/56 [poisoned by a scorpion]
  4000 | D:4      | Your scales start taking on a fiery red colour.
  4000 | D:4      | Reached XP level 7. HP: 28/61 MP: 7/7
  4000 | D:4      | Gained mutation: Your flesh is heat resistant. (rF+) [Red Draconian growth]
  4160 | D:4      | Found a glowing golden altar of the Shining One.
  4163 | D:4      | Fell from the grace of Dithmenos
  4163 | D:4      | Became a worshipper of the Shining One
  4279 | D:4      | Noticed a slime creature
  4279 | D:4      | Noticed a slime creature
  4279 | D:4      | Noticed a troll
  4279 | D:4      | Noticed a slime creature
  4279 | D:4      | Noticed a slime creature
  4916 | D:4      | Noticed Pikel
  4930 | D:4      | Paralysed by Pikel for 2 turns
  4933 | D:4      | Paralysed by Pikel for 3 turns
  4944 | D:4      | Paralysed by Pikel for 5 turns
  4983 | D:4      | Killed Pikel
  4983 | D:4      | Reached skill level 6 in Maces & Flails
  4983 | D:4      | Reached skill level 5 in Dodging
  4983 | D:4      | Reached skill level 5 in Stealth
  5052 | D:4      | Noticed a shadow
  5052 | D:4      | Noticed a shadow
  5052 | D:4      | Noticed a shadow demon
  5057 | D:4      | HP: 1/62 [shadow demon[the darkness of Dithmenos] (10)]
  5057 | D:4      | Annihilated by a shadow

Vault maps used:
D:1:      dpeg_arrival_arbitrary_c
D:2:      lemuel_round_altar, nicolae_overflow_crystal_walls, minitemple,
          first_bread
D:3:      bloody_trog
D:4:      grunt_temple_overflow_open, tso_oasis_becter, supply_closet_lemuel,
          uniq_grinder, uniq_pikel

Skill      XL: |  1  2  3  4  5  6  7 |
---------------+----------------------+-----
Dodging        | 4 5 |  5.0
Maces & Flails | 1 2 4 5 6 |  6.0
Stealth        | 4 5 |  5.1
Fighting       | 5 |  5.7
Invocations    | 2 |  2.1
Unarmed Combat | |  0.8
Evocations     | |  0.2

Action                   |  1- 3 |  4- 6 |  7- 9 || total
-------------------------+-------+-------+-------++-------
Melee: Unarmed           |    99 |       |       ||    99
       Tailslap          |    28 |    21 |    13 ||    62
       Mace              |    66 |   164 |    52 ||   282
       Dagger            |    24 |    22 |       ||    46
       Punch             |     1 |       |       ||     1
       Whip              |       |       |     5 ||     5
Evoke: Wand              |       |     1 |     4 ||     5
  Use: Potion            |     1 |     5 |     4 ||    10
       Scroll            |       |     3 |     2 ||     5
 Stab: Sleeping          |     9 |     7 |       ||    16
  Eat: Chunk             |     5 |     3 |       ||     8
       Bread ration      |       |     1 |       ||     1
Armor: Skin              |    46 |    61 |    16 ||   123
Dodge: Dodged            |   180 |   212 |    35 ||   427
